 Dungeon Crawl Stone Soup version 0.16.1-17-g773cdaf (webtiles) character file.

1636 jacksonaction the Insei (level 8, -1/57 HPs)
             Began as an Octopode Transmuter on Apr 22, 2015.
             Was a Priest of Cheibriados.
             Slain by a five-headed hydra (14 damage)
             ... on level 6 of the Dungeon.
             The game lasted 00:44:30 (7907 turns).

jacksonaction the Insei (Octopode Transmuter)       Turns: 7907, Time: 00:44:31

Health: -1/57      AC:  6    Str: 17    XL:     8   Next: 98%
Magic:  6/17       EV: 11    Int: 25    God:    Cheibriados [***...]
Gold:   333        SH:  0    Dex: 21    Spells: 4 memorised, 0 levels left

rFire  x . .     SeeInvis .       - Unarmed
rCold  + + +     Clarity  .     (shield currently unavailable)
rNeg   . . .     SustAb   +     (helmet currently unavailable)
rPois  +         Gourm    .     (no amulet)
rElec  .         Spirit   .     s - ring of flight
rCorr  .         Warding  .     B - ring of sustain abilities
rMut   .         Stasis   .     (no ring)
MR     .....                    (no ring)
Stlth  ++........               (no ring)
                                (no ring)
                                (no ring)
                                (no ring)

@: ice-form, very slightly contaminated, very slow, not resistant to hostile
enchantments, unstealthy
A: almost no armour, amphibious, 8 rings, (constrict 8), (camouflage 0),
(gelatinous body 0)
a: End Transformation, Bend Time, Temporal Distortion, Renounce Religion, Evoke
Flight


You were on level 6 of the Dungeon.
You worshipped Cheibriados.
Cheibriados was most pleased with you.
You were hungry.
You were a creature of crystalline ice.
You visited 1 branch of the dungeon, and saw 6 of its levels.

You collected 333 gold pieces.

Inventory:

Hand weapons
 u - a +1 vampiric halberd
Missiles
 b - 65 stones
 E - 6 javelins (quivered)
Jewellery
 s - a ring of flight (left front paw)
 B - a ring of sustain abilities (right front paw)
Magical devices
 l - a wand of polymorph (9)
 m - a wand of slowing (16)
 y - a wand of digging (23)
Scrolls
 c - 2 scrolls of fear
 e - 4 scrolls of remove curse
 f - a scroll of blinking {unknown}
 g - 2 scrolls of immolation {unknown}
 i - a scroll of recharging {unknown}
 j - 2 scrolls of fog {unknown}
 t - 2 scrolls of magic mapping {unknown}
 v - a scroll of teleportation {unknown}
 w - a scroll of enchant armour {unknown}
Potions
 o - a potion of beneficial mutation {unknown}
 r - a potion of magic
 x - a potion of lignification {unknown}
 z - 2 potions of curing {unknown}
 A - a potion of ambrosia {unknown}
 C - a potion of cancellation
 D - a potion of heal wounds
 F - a potion of restore abilities {unknown}
Books
 d - a book of Changes

   Spells                             Type                      Level
   a - Beastly Appendage              Transmutation                1
   b - Sticks to Snakes               Transmutation                2
   c - Spider Form                    Transmutation/Poison         3
   d - Ice Form                       Ice/Transmutation            4
   e - Blade Hands                    Transmutation                5
Comestibles
 a - 4 bread rations
 h - 2 slices of pizza
 k - a royal jelly
 n - a meat ration
 q - 2 beef jerkies


   Skills:
 - Level 1.0 Fighting
 - Level 2.0 Dodging
 + Level 7.1 Unarmed Combat
 - Level 3.0 Spellcasting
 + Level 6.5 Transmutations
 + Level 6.2 Invocations


You couldn't memorise any spells.
You knew the following spells:

 Your Spells              Type           Power        Failure   Level  Hunger
a - Beastly Appendage     Trmt           #####.       1%          1    None
b - Spider Form           Trmt/Pois      ###.......   10%         3    ###....
c - Ice Form              Ice/Trmt       ###.....     28%         4    ####...
d - Blade Hands           Trmt           #####.....   21%         5    ######.


Dungeon Overview and Level Annotations

Branches:
Dungeon (6/15)             Temple (0/1) D:4

Altars:
Cheibriados
Gozag
Kikubaaqudgha
Okawaru
Ru
Sif Muna
Yredelemnul

Shops:
D:4 %[[

Annotations:
D:4 1 runed door, Ljcope's ghost, experienced DEEn


Innate Abilities, Weirdness & Mutations

You cannot wear most types of armour.
You are amphibious.
You can wear up to eight rings at the same time.
((You can use your tentacles to constrict many enemies at once.))
((Your skin changes colour to match your surroundings (Stealth).))
((Your rubbery body absorbs attacks (AC +1).))


Message History

You kill the giant cockroach!
Cheibriados appreciates the change of pace.
Cheibriados raises the support of your attributes as your movement slows.
You hit the five-headed hydra. You freeze the five-headed hydra.
The five-headed hydra seems to slow down.
The five-headed hydra is lightly wounded.
You punch the five-headed hydra! You freeze the five-headed hydra.
The five-headed hydra is moderately wounded.
The five-headed hydra bites you! x2
The five-headed hydra bites you but does no damage.
The five-headed hydra misses you.
The five-headed hydra barely misses you.
You hit the five-headed hydra. You freeze the five-headed hydra.
The five-headed hydra seems to slow down.
The five-headed hydra is moderately wounded.
The five-headed hydra bites you!
* * * LOW HITPOINT WARNING * * *
The five-headed hydra barely misses you.
The five-headed hydra bites you!
You die...

≈≈##.# ##...####### ≈§≈§###
#.....# ≈≈§≈§≈## #....##
§≈≈§§§§≈# #...## §≈§≈§§§§#
##...# §§§≈§≈§≈### #....#
≈....§§..'.# #....#
§........'.#####....#
.≈§≈§≈≈≈§#YDY.....#.# #####
§≈≈≈≈≈≈≈####.###.#.####...##
§≈§≈≈≈≈≈#..#.###.#.##.......
≈≈≈≈≈§≈###.#.##..#.##.......
≈§≈≈≈###...................
≈≈≈##..........(.##.......
≈##..##..#.....#####...##
##..###.####...# ##### #####
##....##.####...###


You could see a five-headed hydra and a yak.

Vanquished Creatures
  A centaur (D:6)
  2 sky beasts
  A phantom (D:5)
  2 ogres
  Duvessa (D:5)
  2 giant frogs (D:6)
  A scorpion (D:6)
  An orc priest (D:5)
  Dowan (D:5)
  5 hounds
  A crimson imp (D:5)
  A centaur skeleton (D:4)
  A giant frog skeleton (D:4)
  3 orc wizards
  2 iguanas
  7 worker ants
  A hound skeleton (D:4)
  5 gnolls
  7 adders
  A shadow imp (D:5)
  A worm (D:3)
  An adder skeleton (D:4)
  3 giant geckos
  An ooze (D:2)
  14 orcs
  9 bats
  A bat skeleton (D:4)
  5 giant cockroaches
  10 goblins
  17 hobgoblins
  A jackal (D:5)
  3 kobolds
  2 quokkas
  A ball python (D:1)
  A giant gecko skeleton (D:4)
  3 giant newts
  A giant spore (D:6)
  A jackal zombie (D:4)
  A kobold zombie (D:4)
  6 rats
  2 ballistomycetes (D:6)
130 creatures vanquished.

Vanquished Creatures (others)
  A human (D:6)
  An adder (D:6)
2 creatures vanquished.

Grand Total: 132 creatures vanquished

Notes
Turn   | Place    | Note
--------------------------------------------------------------
     0 | D:1      | jacksonaction, the Octopode Transmuter, began the quest for the Orb.
     0 | D:1      | Reached XP level 1. HP: 13/13 MP: 3/3
   538 | D:1      | Reached XP level 2. HP: 18/18 MP: 4/4
  1692 | D:2      | Reached XP level 3. HP: 16/23 MP: 6/6
  1697 | D:2      | Learned a level 3 spell: Spider Form
  2082 | D:2      | Found a sacrificial altar of Ru.
  2116 | D:2      | Found a snail-covered altar of Cheibriados.
  2197 | D:2      | Became a worshipper of Cheibriados the Contemplative
  2261 | D:2      | Reached XP level 4. HP: 20/28 MP: 8/8
  3066 | D:3      | Acquired Cheibriados' first power
  3184 | D:3      | Reached skill level 1 in Invocations
  3190 | D:3      | Learned a level 4 spell: Ice Form
  3541 | D:3      | Reached XP level 5. HP: 30/33 MP: 7/11
  3595 | D:3      | Reached skill level 4 in Unarmed Combat
  3784 | D:3      | Found a deep blue altar of Sif Muna.
  3860 | D:4      | Found a staircase to the Ecumenical Temple.
  4195 | D:4      | Reached XP level 6. HP: 23/38 MP: 9/12
  4410 | D:4      | Found Shriemiaph's Antique Armour Boutique.
  4565 | D:4      | Noticed Ljcope's ghost (experienced DEEn)
  4610 | D:4      | Found Tebaer's Food Shop.
  4941 | D:4      | Reached skill level 5 in Unarmed Combat
  4941 | D:4      | Reached XP level 7. HP: 23/43 MP: 10/14
  5100 | D:4      | Found an opulent altar of Gozag.
  5121 | D:4      | Found Jisut's Antique Armour Shop.
  5155 | D:4      | Found a runed door.
  5155 | D:4      | Noticed a human
  5157 | D:4      | Found a basalt altar of Yredelemnul.
  5466 | D:5      | Entered Level 5 of the Dungeon
  5864 | D:5      | Reached skill level 5 in Transmutations
  5864 | D:5      | Reached XP level 8. HP: 12/48 MP: 11/16
  5903 | D:5      | Learned a level 5 spell: Blade Hands
  6227 | D:5      | Reached skill level 6 in Unarmed Combat
  6300 | D:5      | Noticed Dowan
  6441 | D:5      | Acquired Cheibriados' second power
  6464 | D:5      | Killed Dowan
  6464 | D:5      | Reached skill level 5 in Invocations
  6794 | D:5      | Noticed Duvessa
  7115 | D:5      | Killed Duvessa
  7592 | D:6      | Found an iron altar of Okawaru.
  7683 | D:6      | Reached skill level 7 in Unarmed Combat
  7834 | D:6      | Found an ancient bone altar of Kikubaaqudgha.
  7895 | D:6      | Noticed a five-headed hydra
  7907 | D:6      | Slain by a five-headed hydra

Action                   |  1- 3 |  4- 6 |  7- 9 || total
-------------------------+-------+-------+-------++-------
Melee: Unarmed           |    88 |   129 |   172 ||   389
Throw: Stone             |    11 |    32 |    27 ||    70
       Tomahawk          |       |    22 |    11 ||    33
       Javelin           |       |       |    25 ||    25
 Cast: Beastly Appendage |     2 |     3 |     1 ||     6
       Spider Form       |       |    14 |    24 ||    38
       Ice Form          |       |       |     1 ||     1
Invok: Bend Time         |       |       |     2 ||     2
       Temporal Distorti |       |       |     3 ||     3
Evoke: Wand              |       |       |     2 ||     2
  Use: Scroll            |       |     1 |     5 ||     6
       Potion            |       |       |     1 ||     1
 Stab: Sleeping          |     3 |     2 |       ||     5
       Distracted        |       |       |     1 ||     1
  Eat: Chunk             |     4 |     9 |     9 ||    22
